cohdb
Replays
Latest Replays
All Replays
Popular Replays
Top Player Replays
Match Explorer
How It Works
Community
CoH3 Stats
Reddit
Sign in to upload your games and track your stats! →
Sign in with Steam
Match 44447347
Unlisted
Match 44447347
Overview
Messages
Build Orders
End
Vickers Machine Gun Team
Construct Section Command Post
Selects Indian Artillery Battlegroup
Infantry Section
Vickers Machine Gun Team
Infantry Section
Selects Towed ML 4.2-inch Heavy Mortar
Towed ML 4.2-inch Heavy Mortar
Construct Platoon Command Post
Selects Off-map Airburst Barrage
Infantry Section
Off-map Airburst Barrage
Infantry Section
Construct Company Command Post
Matilda II Heavy Tank
Off-map Airburst Barrage
Selects BL5.5 Artillery Emplacement
Grenade Package
Matilda II Heavy Tank
Off-map Airburst Barrage
Infantry Section
Selects Valour
Selects Gurkha Rifles Section
Off-map Airburst Barrage
Gurkha Rifles Section
Royal Engineer Section
Off-map Airburst Barrage
Scrotum
蟑螂恶霸
Sp1tzbua
D3C0Y
Wheanors McQueen
Valar[M]orgHulis
爆炒丝袜
Skaarj
0
0
Comments
sign in to comment!
No comments posted yet!